 Dungeon Crawl Stone Soup version 0.20.1-1-g8b1a95d (webtiles) character file.

43 Lorindel the Firebug (level 3, -1/28 HPs)
             Began as a Deep Elf Fire Elementalist on July 22, 2017.
             Slain by a hobgoblin
             ... wielding a +0 club
              (4 damage)
             ... on level 2 of the Dungeon.
             The game lasted 00:06:30 (821 turns).

Lorindel the Firebug (Deep Elf Fire Elementalist)    Turns: 821, Time: 00:06:31

Health: -1/28      AC: 21    Str:  5    XL:     3   Next: 37%
Magic:  1/10       EV:  2    Int: 25    God:
Gold:   101        SH:  0    Dex: 15    Spells: 3/9 levels left

rFire    . . .     SeeInvis .   g - +0 club
rCold    . . .     Gourm    .   (no shield)
rNeg     + + +     Faith    .   (armour currently unavailable)
rPois    +         Spirit   .   (helmet currently unavailable)
rElec    .         Reflect  .   (cloak currently unavailable)
rCorr    .         Harm     .   (gloves currently unavailable)
MR       .....     NoTele   +   (boots currently unavailable)
Stlth    ++........             (no amulet)
Regen    0.1/turn               (no ring)
MPRegen  0.2/turn               (no ring)

@: brilliant, tree-form, very slightly contaminated, invisible
A: no striking features
a: no special abilities


You were on level 2 of the Dungeon.
You were not hungry.
You were a tree.
You visited 1 branch of the dungeon, and saw 2 of its levels.

You collected 101 gold pieces.

Inventory:

Hand Weapons
 f - a +0 short sword
 g - a +0 club (weapon)
 h - a +0 hand axe
Missiles
 d - 26 stones (quivered)
Armour
 a - a +0 robe (melded)
 i - a +0 pair of boots (melded)
 o - a +0 buckler
Wands
 n - a wand of flame (29/48)
Potions
 p - a potion of berserk rage {unknown}
Books
 b - a book of Flames

   Spells                             Type                      Level
   a - Flame Tongue                   Conjuration/Fire             1
   b - Throw Flame                    Conjuration/Fire             2
   c - Conjure Flame                  Conjuration/Fire             3
   d - Inner Flame                    Hexes/Fire                   3
   e - Sticky Flame                   Conjuration/Fire             4
   f - Fireball                       Conjuration/Fire             5
Comestibles
 c - a bread ration
 j - 2 fruits
 k - 5 chunks of flesh


   Skills:
 + Level 0.2 Fighting
 + Level 2.8 Dodging
 + Level 3.1 Stealth
 * Level 3.5 Spellcasting
 + Level 1.8 Conjurations
 + Level 0.0 Hexes
 + Level 3.6 Fire Magic
 + Level 0.2 Evocations


You had 3 spell levels left.
You knew the following spells:

 Your Spells              Type           Power        Failure   Level  Hunger
a - Flame Tongue          Conj/Fire      ####.        1%          1    None
b - Throw Flame           Conj/Fire      ####..       1%          2    #......
c - Inner Flame           Hex/Fire       ####....     1%          3    ###....


Dungeon Overview and Level Annotations

Branches:
Dungeon (2/15)

Altars:

Annotations:
D:2 Terence


Message History

Terence barely misses you.
You hit Terence.
Terence is heavily wounded.
The hobgoblin barely misses you. Terence closely misses you.
The hobgoblin closely misses you.
It was a potion of invisibility.
You fade into invisibility!
Terence completely misses you. The hobgoblin completely misses you.
You are very lightly contaminated with residual magic.
Okay, then.
Terence says, "Don't bother to defend, it's senseless."
Terence hits you but does no damage.
It was a potion of brilliance.
You feel clever all of a sudden.
The hobgoblin hits you but does no damage.
It was a potion of lignification.
You turn into a tree.
Your +0 pair of boots melds into your body.
Your +0 robe melds into your body.
Your roots penetrate the ground.
Terence hits you but does no damage. The hobgoblin hits you with a club.
You die...

###.......# #.........# #.#
# #.#.......# #.# #.
#.......#.# ...
#.##.#.....#.# #.#
#..........#.# #.# ####
#..#.#.....#.# ##.#### ....
#.......>....####.....#...
##.#........rg♣@l.....#.####
#.#<....)...####.#........#
#.#####..#### #.#.#.#.##...
#.........# #.#..)# #
#######...# #.....# #...#
#.##..# #...# #.....# #...#
####.## ####...####### #.#


You could see Terence, a quokka, a hobgoblin and a frilled lizard.

Vanquished Creatures
  An adder (D:2)
  A dart slug (D:1)
  A leopard gecko (D:1)
  2 ball pythons (D:1)
  2 giant cockroaches
  3 goblins
  4 hobgoblins (D:1)
  4 jackals (D:1)
  5 kobolds
  4 bats
  2 frilled lizards
29 creatures vanquished.

Notes
Turn   | Place    | Note
-------+----------+-------------------------------------------
     0 | D:1      | Lorindel the Deep Elf Fire Elementalist began the quest for the Orb.
     0 | D:1      | Reached XP level 1. HP: 10/10 MP: 6/6
   100 | D:1      | Reached XP level 2. HP: 13/15 MP: 6/8
   104 | D:1      | Learned a level 2 spell: Throw Flame
   683 | D:2      | Reached XP level 3. HP: 19/19 MP: 7/9
   747 | D:2      | Learned a level 3 spell: Inner Flame
   758 | D:2      | Noticed Terence
   821 | D:2      | Slain by a hobgoblin

Skill      XL: |  1  2 |
---------------+-------+-----
Stealth        | 3 |  3.1
Fighting       | |  0.2
Dodging        | |  2.8
Spellcasting   | |  3.5
Conjurations   | |  1.8
Fire Magic     | |  3.6
Evocations     | |  0.2

Action                   || total
-------------------------++-------
Melee: Unarmed           ||    15
       Club              ||    14
 Cast: Flame Tongue      ||    41
       Throw Flame       ||     6
  Use: Potion            ||     3
       Scroll            ||     1
Armor: Robe              ||    22
       Skin              ||     1
Dodge: Dodged            ||    68
